 Dungeon Crawl Stone Soup version 0.20-a0-307-gd0bf4df (webtiles) character file.

223 AlphabetPasta the Stinger (level 5, -1/38 HPs)
             Began as a Centaur Venom Mage on Dec 18, 2016.
             Killed from afar by an orc wizard (7 damage)
             ... with a magic dart
             ... on level 4 of the Dungeon on Dec 19, 2016.
             The game lasted 00:21:32 (4136 turns).

AlphabetPasta the Stinger (Centaur Venom Mage)      Turns: 4136, Time: 00:21:33

Health: -1/38      AC:  6    Str: 10    XL:     5   Next: 66%
Magic:  2/9        EV:  9    Int: 15    God:
Gold:   149        SH:  0    Dex: 10    Spells: 1/9 levels left

rFire  . . .     SeeInvis .     a - +0 spear
rCold  . . .     Gourm    .     q - +0 robe
rNeg   + . .     Faith    .     (no shield)
rPois  .         Spirit   .     (no helmet)
rElec  .         Reflect  .     j - +1 cloak
rCorr  .         Harm     .     (no gloves)
MR     .....                    (no barding)
Stlth  +.........               (no amulet)
                                (no ring)
                                p - ring of positive energy

@: very slightly contaminated, hasted and slowed, very quick
A: hooves 3, deformed body, speed 2, tough skin 3
a: no special abilities


You were on level 4 of the Dungeon.
You were not hungry.

You visited 1 branch of the dungeon, and saw 4 of its levels.

You collected 149 gold pieces.

Inventory:

Hand Weapons
 a - a +0 spear (weapon)
 b - a +0 shortbow
Missiles
 k - 9 arrows
Armour
 j - a +1 cloak (worn)
 q - a +0 robe (worn)
Jewellery
 p - a ring of positive energy (left hand)
Wands
 g - a wand of iceblast (6/15)
Scrolls
 h - a scroll of amnesia
 o - 2 scrolls of remove curse
 t - a scroll of enchant armour
Potions
 e - 3 potions of brilliance
 m - a potion of haste
 n - a potion of cancellation
 z - 2 potions of agility
Books
 r - a Young Poisoner's Handbook

   Spells                             Type                      Level
   a - Sting                          Conjuration/Poison           1
   b - Mephitic Cloud                 Conjuration/Poison/Air       3
   c - Olgreb's Toxic Radiance        Poison                       4
   d - Alistair's Intoxication        Transmutation/Poison         5
   e - Venom Bolt                     Conjuration/Poison           5
Comestibles
 c - 3 bread rations
 i - 3 fruits
 s - a beef jerky
 x - a meat ration


   Skills:
 + Level 1.5 Polearms
 + Level 2.4 Bows
 - Level 1.3 Dodging
 - Level 1.1 Stealth
 + Level 2.7 Spellcasting
 * Level 4.5 Poison Magic


You had one spell level left.
You knew the following spells:

 Your Spells              Type           Power        Failure   Level  Hunger
a - Sting                 Conj/Pois      #...         12%         1    #......
b - Mephitic Cloud        Conj/Pois/Air  #.......     34%         3    ###....
c - Olgreb's Toxic Radia  Pois           ###.....     34%         4    #####..


Dungeon Overview and Level Annotations

Branches:
Dungeon (4/15)
 Temple: D:4-7

Altars:
Gozag
Kikubaaqudgha
Makhleb
Nemelex Xobeh
Okawaru
Trog
Yredelemnul


Innate Abilities, Weirdness & Mutations

You have hooves in place of feet.
Armour fits poorly on your strangely shaped body.
You cover ground very quickly.
You have extremely tough skin. (AC +3)


Message History

The orc wizard closely misses you.
The orc wizard hits you but does no damage.
Casting: Sting
Confirm with . or Enter, or press ? or * to list all spells.
Aiming: Sting
Press: ? - help, Shift-Dir - straight line, f/p - orc wizard
Aim: an orc wizard, wielding a dagger and wearing a robe (severely wounded, fast, poisoned)
The sting hits the orc wizard.
The orc wizard looks even sicker.
The orc wizard is almost dead.
The orc wizard hits you but does no damage.
Casting: Sting
Confirm with . or Enter, or press ? or * to list all spells.
Aiming: Sting
Press: ? - help, Shift-Dir - straight line, f/p - orc wizard
Aim: an orc wizard, wielding a dagger and wearing a robe (almost dead, fast, poisoned)
The sting hits the orc wizard.
The orc wizard looks even sicker.
The orc wizard is almost dead.
The orc wizard casts a spell at you. The magic dart hits you!
You die...

>.....###..#....######
..###.................
#..######.#......####
#..................#######
.....###.#######.........# ## #
.......................... .. .<
#.###.....########.###.## .# ##
#.# ####........##.###.#####.# #
#.######..#####.@or........#.####
........#..# ########...........
........##.# ###........#
........##.# #.........
........##.#### ## #########.
########......#... #........#
#.:....### #......#


You could see an orc wizard and a quokka.

Vanquished Creatures
  A bullfrog (D:3)
  3 orc wizards (D:4)
  2 dart slugs (D:2)
  2 leopard geckos (D:1)
  3 orcs (D:4)
  3 giant cockroaches
  9 goblins
  7 hobgoblins
  18 jackals
  A quokka (D:3)
  9 bats
  5 frilled lizards
  12 kobolds
  5 rats
80 creatures vanquished.

Vanquished Creatures (others)
  A plant (D:1)
1 creature vanquished.

Grand Total: 81 creatures vanquished

Notes
Turn   | Place    | Note
-------+----------+-------------------------------------------
     0 | D:1      | AlphabetPasta the Centaur Venom Mage began the quest for the Orb.
     0 | D:1      | Reached XP level 1. HP: 14/14 MP: 3/3
   288 | D:1      | Reached XP level 2. HP: 20/20 MP: 3/5
   866 | D:1      | Reached XP level 3. HP: 26/26 MP: 2/6
  1299 | D:1      | Learned a level 3 spell: Mephitic Cloud
  1619 | D:2      | Learned a level 3 spell: Mephitic Cloud
  1755 | D:2      | Reached skill level 4 in Poison Magic
  2363 | D:3      | Reached XP level 4. HP: 33/33 MP: 4/7
  2633 | D:3      | Noticed a bullfrog
  2653 | D:3      | Killed a bullfrog
  2653 | D:3      | Reached skill level 1 in Polearms
  2653 | D:3      | Reached skill level 1 in Bows
  2653 | D:3      | Reached XP level 5. HP: 38/38 MP: 1/8
  3193 | D:3      | Found an ancient bone altar of Kikubaaqudgha.
  3308 | D:3      | Found a burning altar of Makhleb.
  3308 | D:3      | Noticed a balrug
  3311 | D:3      | Noticed a smoke demon
  3311 | D:3      | Noticed a neqoxec
  3393 | D:3      | Found a bloodstained altar of Trog.
  3393 | D:3      | Found a basalt altar of Yredelemnul.
  3393 | D:3      | Found a sparkling altar of Nemelex Xobeh.
  3393 | D:3      | Found an iron altar of Okawaru.
  3406 | D:3      | Found an opulent altar of Gozag.
  3406 | D:3      | Found a burning altar of Makhleb.
  3859 | D:4      | Noticed a phantom
  4005 | D:4      | Learned a level 4 spell: Olgreb's Toxic Radiance
  4136 | D:4      | Killed from afar by an orc wizard

Vault maps used:
D:1:      lemuel_arrival_behind_the_door_large, grunt_decor_mini_mirrors,
          lexackson_kobold_supper
D:3:      kiku_gazebo_garden_becter, minmay_overflow_temple_hex, serial_forest,
          infiniplex_forest_lined_2, infiniplex_forest_lined_corner,
          infiniplex_forest_corner_2, infiniplex_forest_end_2,
          infiniplex_forest_fountain, infiniplex_forest_end_1,
          infiniplex_forest_end_2, infiniplex_forest_clump_diagonal,
          makhleb_altar_promises_db

Skill      XL: |  1  2  3  4  5 |
---------------+----------------+-----
Spellcasting   | 2 |  2.7
Poison Magic   | 4 |  4.5
Polearms       | 1 |  1.5
Bows           | 1 2 |  2.4
Dodging        | |  1.3
Stealth        | |  1.1

Action                   |  1- 3 |  4- 6 || total
-------------------------+-------+-------++-------
Melee: Unarmed           |    89 |       ||    89
       Kick              |    22 |    11 ||    33
       Spear             |     1 |    83 ||    84
 Fire: Shortbow          |       |     8 ||     8
 Cast: Sting             |    98 |    44 ||   142
       Mephitic Cloud    |       |     1 ||     1
Evoke: Wand              |       |     1 ||     1
  Use: Scroll            |     8 |     8 ||    16
       Potion            |       |     6 ||     6
 Stab: Invisible         |       |     2 ||     2
  Eat: Chunk             |     5 |     4 ||     9
       Pizza             |       |     1 ||     1
Armor: Robe              |    27 |    34 ||    61
Dodge: Dodged            |    33 |    26 ||    59
